Map: Thunderbird LE

Players

SortOf

  • Race: Zerg Zerg
  • League: Diamond
  • Spawn Location: 5:00

Bistork - Winner!

  • Race: Protoss Protoss
  • Spawn Location: 11:00

Event: 2019 WCS Summer

VOD

Have the link to the VOD?

Description

Time

  • Played on: July 12, 2019, 2:13 p.m.
  • Length: 9:50

All games in this series

Show
View Real Time Build Order
Export as new Build Order

SortOf Zerg 

Build Orders: Hatch First 

Get SALT Encoding   

  12  0:00  Drone  
  13  0:12  Overlord  
  13  0:16  Drone  
  14  0:30  Drone x2  
  16  0:49  Hatchery  
  15  0:51  Drone  
  15  0:54  Drone  
  17  1:09  Spawning Pool  
  16  1:11  Drone  
  16  1:13  Extractor  
  16  1:17  Drone  
  17  1:20  Drone  
  18  1:29  Drone  
  19  1:39  Drone  
  20  1:50  Overlord  
  20  1:55  Queen  
  20  2:00  Queen  
  26  2:01  Zergling x4  
  26  2:10  Drone  
  26  2:11  Drone  
  28  2:22  Drone x2  
  30  2:29  Hatchery  
  29  2:40  Zergling x2  
  29  2:41  Pneumatized Carapace  
  29  2:43  Drone x2  
  32  2:52  Drone  
  32  2:54  Queen  
  32  2:56  Drone  
  36  2:59  Overlord  
  36  3:14  Overlord  
  36  3:17  Drone x5  
  41  3:27  Drone x2  
  41  3:32  Queen  
  45  3:35  Overlord  
  45  3:39  Metabolic Boost  
  45  3:41  Spore Crawler x2  
  44  3:45  Drone x2  
  44  3:47  Drone  
  46  3:50  Overlord  
  46  3:51  Drone  
  47  3:59  Spore Crawler  
  42  4:03  Drone x4  
  42  4:09  Drone x3  
  49  4:15  Drone x2  
  51  4:17  Queen  
  51  4:20  Drone  
  54  4:24  Zergling x4  
  54  4:25  Zergling x2  
  54  4:26  Drone  
  58  4:31  Roach Warren  
  58  4:38  Drone x5  
  60  4:39  Drone  
  60  4:44  Extractor  
  60  4:46  Lair  
  60  4:49  Drone x3  
  63  4:57  Overlord  
  63  4:59  Drone x5  
  67  5:03  Drone x2  
  69  5:10  Drone  
  69  5:11  Drone x4  
  69  5:13  Overlord  
  71  5:21  Overlord  
  71  5:23  Drone x7  
  71  5:26  Extractor  
  71  5:27  Extractor  
  76  5:31  Queen  
  78  5:38  Extractor, Evolution Chamber  
  78  5:39  Extractor  
  78  5:40  Drone  
  78  5:41  Roach x5  
  85  5:43  Glial Reconstitution  
  85  5:45  Overseer  
  85  5:47  Drone x2  
  87  5:54  Drone x2  
  87  5:55  Overlord  
  89  5:58  Overseer  
  89  6:04  Overlord x5  
  89  6:17  Roach x4  
  89  6:18  Overlord  
  97  6:24  Drone x5  
  102  6:29  Hatchery  
  102  6:31  Zerg Melee Weapons Level 1  
  101  6:34  Baneling Nest  
  101  6:36  Roach x3  
  101  6:38  Roach  
  107  6:40  Roach  
  107  6:44  Roach x2  
  107  6:46  Overlord  
  113  6:48  Ravager x4  
  113  6:50  Roach  
  119  6:55  Roach x3  
  125  7:01  Roach x4  
  125  7:04  Zergling x4, Ravager  
  136  7:10  Overlord  
  136  7:11  Roach x3  
  136  7:13  Roach  
  136  7:15  Overlord  
  144  7:21  Zergling x2, Roach x3  
  152  7:22  Ravager  
  152  7:23  Overlord  
  152  7:25  Ravager  
  149  7:30  Zergling x2, Roach x3  
  149  7:36  Zergling x8  
  156  7:42  Zergling x6  
  141  7:47  Roach  
  141  7:48  Ravager x2  
  141  7:49  Roach x2  
  147  7:58  Roach x2  
  143  7:59  Queen  
  143  8:00  Queen  
  143  8:01  Roach x2  
  143  8:06  Zergling x2  
  143  8:12  Roach x3  
  133  8:16  Roach x6  
  133  8:19  Overlord x2  
  136  8:29  Zergling x10  
  136  8:33  Roach x2  
  143  8:35  Queen x2  
  128  8:41  Roach x2  
  128  8:47  Roach  
  134  8:52  Ravager x2, Roach x2  
  133  8:58  Roach  
  116  9:03  Roach x2  
  116  9:09  Roach x6  
  132  9:15  Roach x2  
  131  9:18  Roach  
  132  9:24  Roach x2  
Show
View Real Time Build Order
Export as new Build Order

Bistork Protoss - Winner!

Build Orders: 1 Gate Expand, Oracle Opening 

Get SALT Encoding   

  12  0:00  Probe  
  13  0:12  Probe  
  14  0:18  Pylon  
  14  0:25  Probe  
  15  0:33  Probe  
  15  0:39  Gateway  
  15  0:41  Probe  
  16  0:47  Assimilator  
  17  0:51  Probe  
  18  1:03  Probe  
  19  1:15  Probe  
  20  1:27  Nexus  
  20  1:35  Cybernetics Core  
  20  1:36  Probe  
  21  1:43  Assimilator  
  21  1:48  Probe  
  21  1:52  Pylon  
  22  2:00  Probe  
  23  2:01  Adept  
  23  2:12  Probe  
  26  2:15  Stargate  
  26  2:23  Stalker  
  26  2:25  Probe  
  27  2:31  Warp Gate  
  27  2:37  Probe x2  
  31  2:45  Probe  
  31  2:49  Probe  
  33  2:55  Probe, Oracle  
  34  3:01  Probe  
  38  3:07  Probe  
  39  3:13  Probe  
  39  3:14  Gateway  
  41  3:20  Probe  
  41  3:22  Oracle  
  41  3:23  Pylon  
  41  3:25  Probe  
  42  3:32  Probe  
  46  3:41  Probe, Pylon  
  46  3:42  Assimilator  
  46  3:43  Assimilator  
  46  3:44  Probe  
  48  3:54  Probe  
  49  3:56  Probe  
  49  4:00  Oracle  
  50  4:05  Nexus  
  50  4:06  Probe  
  50  4:08  Probe  
  52  4:13  Pylon  
  55  4:18  Probe  
  55  4:22  Pylon  
  55  4:23  Probe  
  57  4:25  Sentry  
  57  4:27  Sentry  
  61  4:41  Probe  
  61  4:42  Twilight Council  
  61  4:44  Forge  
  59  4:50  Robotics Facility  
  59  4:57  Gateway  
  59  4:58  Gateway  
  59  5:00  Gateway  
  59  5:01  Probe, Blink  
  60  5:11  Probe  
  58  5:15  Probe  
  59  5:23  Probe  
  59  5:24  Gateway  
  59  5:25  Probe, Gateway  
  59  5:26  Protoss Ground Weapons Level 1  
  59  5:27  Probe, Immortal  
  62  5:35  Probe, Gateway  
  63  5:42  Sentry x2  
  71  5:46  Probe x2  
  71  5:49  Probe  
  74  5:50  Pylon  
  74  5:58  Probe  
  74  5:59  Probe  
  74  6:01  Assimilator  
  74  6:02  Probe, Assimilator  
  77  6:04  Warp Prism  
  77  6:10  Probe  
  80  6:13  Sentry x2  
  80  6:14  Stalker x3  
  90  6:20  Probe  
  90  6:22  Pylon  
  90  6:25  Pylon  
  91  6:37  Stalker x5  
  101  6:44  Pylon  
  101  6:45  Pylon  
  101  6:48  Pylon  
  101  6:54  Stalker x3  
  107  7:06  Sentry x2  
  107  7:07  Stalker x3  
  117  7:09  Observer  
  116  7:31  Stalker x7  
  118  7:48  Stalker  
  111  8:00  Stalker x7  
  114  8:14  Stalker  
  116  8:22  Stalker x3  
  116  8:26  Stalker x4  
  118  8:45  Stalker x4  
  124  8:49  Stalker x4  
  124  9:10  Pylon  
  124  9:12  Stalker x7, Pylon  
  136  9:18  Stalker  
  124  9:39  Stalker x3  
  124  9:40  Stalker x3  
  128  9:49  Stalker  
Tags
 
Add a new tag
Caveats
  • Supply blocks, unpowered buildings, or Contaminate may cause inaccurate times.
  • Supply counts are checked every 10 seconds.